 Dungeon Crawl Stone Soup version 0.29.1-2-gbd0b4ee654 (webtiles) character file.

Game seed: 18425665700744454477

9 jamesblauser the Ruffian (level 2, -3/25 HPs)
             Began as a Djinni Cinder Acolyte on Nov 8, 2022.
             Was an Initiate of Ignis.
             Slain by a worm (9 damage)
             ... on level 1 of the Dungeon.
             The game lasted 00:03:17 (561 turns).

jamesblauser the Ruffian (Djinni Cinder Acolyte)     Turns: 561, Time: 00:03:18

Health: -3/25      AC:  8    Str: 13    XL:     2   Next: 25%
Gold:   10         EV:  5    Int: 15    God:    Ignis [......] SH:  0 Dex:  8

rFire   + + +      SeeInvis .   b - +0 dagger (pain)
rCold   x . .      Faith    .   (no shield)
rNeg    . . .      Spirit   .   d - +0 chain mail
rPois   ∞          Reflect  .   (no helmet)
rElec   .          Harm     .   (no cloak)
rCorr   .          Rampage  .   (no gloves)
Will    .....                   (boots unavailable)
Stlth   ..........              (no amulet)
HPRegen 0.08/turn               (no ring)
MPRegen 0.00/turn               (no ring)

@: flying
A: sickness immunity, fire resistance 2, cold vulnerability 1, float, innate
caster, HP casting, extra vitality 1
a: Renounce Religion, Rising Flame


You were on level 1 of the Dungeon.
You worshipped Ignis.
Ignis was noncommittal.
You visited 1 branch of the dungeon, and saw 1 of its levels.

You collected 10 gold pieces.

Inventory:

Hand Weapons
 b - a +0 dagger of pain (weapon)
Armour
 a - a +0 robe
 c - a +0 scale mail
 d - a +0 chain mail (worn)
Potions
 e - a potion of haste {unknown}


   Skills:
 + Level 3.1 Fighting
 + Level 3.2 Unarmed Combat
 + Level 2.6 Spellcasting


You had 4 spell levels left.
You knew the following spells:

 Your Spells              Type           Power      Damage    Failure   Level
a - Scorch                Fire           18%        2d5       99%         2
Your spell library was empty.

Dungeon Overview and Level Annotations

Branches:
Dungeon (1/15)

Altars:


Innate Abilities, Weirdness & Mutations

You are immune to sickness and miasma.
You are immune to poison.
Your flesh is very heat resistant. (rF++)
You are vulnerable to cold. (rC-)
You float through the air rather than walking.
You learn spells naturally, not from books.
Your magical power is your life essence.
You have superior vitality. (+4 MHP)


Message History

The worm is lightly wounded.
You hit the worm.
The worm is moderately wounded.
The worm bites you!
You hit the worm.
The worm is moderately wounded.
The worm barely misses you.
You barely miss the worm.
The worm is moderately wounded.
You hit the worm.
The worm is moderately wounded.
The worm bites you.
You hit the worm. You punch the worm.
The worm is severely wounded.
You hit the worm.
The worm is severely wounded.
The worm bites you.
* * * LOW HITPOINT WARNING * * *
You barely miss the worm. You punch the worm.
The worm is almost dead.
The worm bites you but does no damage.
You hit the worm but do no damage.
The worm is severely wounded.
You hit the worm. You punch the worm, but do no damage.
The worm is almost dead.
The worm barely misses you.
You barely miss the worm.
The worm is severely wounded.
You hit the worm.
The worm is almost dead.
The worm bites you but does no damage.
You barely miss the worm.
The worm is almost dead.
The worm bites you but does no damage.
You completely miss the worm.
The worm is severely wounded.
You completely miss the worm.
The worm is severely wounded.
The worm bites you!
You die...

.###.##≈.#...#
#.≈#.#[##.#..#
#..≈#.#§§###.#
#.#.≈#§###.#..#
.≈...§.#.##.##
#..##.####.##.#
######..#≈#..##
##.#..##..#§..#
#.#.##.##.##@## ..
#.#.#..###.#w≈# .#
###.#.###.##..# .#
##.##.#..#.##.# .#
#..#.##..##...# .#
#.#.#.#..≈.#### .#
##..#.#<.≈.####
.#####.#.######.≈.#
.##...###...###≈.≈#


You could see a worm.

Vanquished Creatures
  A dart slug (D:1)
  An endoplasm (D:1)
  A goblin (D:1)
  A hobgoblin (D:1)
  A quokka (D:1)
  2 bats (D:1)
7 creatures vanquished.

Vanquished Creatures (collateral kills)
  9 foxfires (D:1)
9 creatures vanquished.

Vanquished Creatures (others)
  31 foxfires (D:1)
31 creatures vanquished.

Grand Total: 47 creatures vanquished

Notes
Turn   | Place    | Note
-------+----------+-------------------------------------------
     0 | D:1      | jamesblauser the Djinni Cinder Acolyte began the quest for
                  | the Orb.
     0 | D:1      | jamesblauser set off with the following spells memorised:
                  | Scorch.
     0 | D:1      | Reached XP level 1. HP: 20/20 MP: 0/0
   319 | D:1      | Found a faded altar of an unknown god.
   459 | D:1      | Reached XP level 2. HP: 25/25 MP: 0/0
   561 | D:1      | Slain by a worm

Illustrated notes

Levels and vault maps discovered:
D:1:      dpeg_arrival_brainrot, layout_loops_ring,
          dreamdust_ecumenical_altar_grove, serial_shops,
          nicolae_lakefront_shop, chequers_serial_rivers_small_b

Action                   || total
-------------------------++-------
Melee: Unarmed           ||     5
       Dagger            ||    25
       Punch             ||     3
Invok: Foxfire Swarm     ||     9
  Use: Scroll            ||     2
Armor: Chain mail        ||     8
Dodge: Dodged            ||     3
